[ PARTIDA AOE2 · #506298461 ]
UnrankedBereberes vs Persians
Equipo del jugador · DERR
[ ANÁLISIS DE REPETICIÓN · EXTRAÍDO DE LA PARTIDA GRABADA ]
Feudal
14:43
Castillos
18:21
Imperial
—
| APM promedio | 39.8 |
| APM pico | 76 |
| eAPM promedio | 21.3 |
| Aldeanos / militares | 140 / 111 |
Foco
⚔️ 23.5% · 🌾 76.5%
Camel Scout ×53 · Camel Archer ×53 · Mangonel ×4 · Monk ×1
Feudal
13:00
Castillos
16:12
Imperial
42:38
| APM promedio | 45.6 |
| APM pico | 71 |
| eAPM promedio | 26.5 |
| Aldeanos / militares | 211 / 41 |
Foco
⚔️ 15.6% · 🌾 84.4%
Knight ×29 · Scorpion ×6 · Monk ×2 · Battering Ram ×2 · Camel Scout ×1 · Scout Cavalry ×1
Feudal
12:17
Castillos
24:29
Imperial
41:03
| APM promedio | 26.0 |
| APM pico | 73 |
| eAPM promedio | 14.0 |
| Aldeanos / militares | 112 / 114 |
Foco
⚔️ 29.1% · 🌾 70.9%
Knight ×100 · Scout Cavalry ×14
Feudal
13:14
Castillos
31:28
Imperial
—
| APM promedio | 49.7 |
| APM pico | 89 |
| eAPM promedio | 20.6 |
| Aldeanos / militares | 119 / 140 |
Foco
⚔️ 21.5% · 🌾 78.5%
Fire Lancer ×102 · Archer ×34 · Spearman ×3 · Militia ×1
Feudal
14:52
Castillos
20:31
Imperial
39:58
| APM promedio | 29.2 |
| APM pico | 65 |
| eAPM promedio | 18.4 |
| Aldeanos / militares | 138 / 81 |
Foco
⚔️ 26.5% · 🌾 73.5%
Scout Cavalry ×74 · Trebuchet (Packed) ×4 · Mangonel ×2 · Trade Cart ×1 · Battering Ram ×1
Feudal
13:21
Castillos
32:20
Imperial
—
| APM promedio | 22.6 |
| APM pico | 80 |
| eAPM promedio | 10.7 |
| Aldeanos / militares | 99 / 40 |
Foco
⚔️ 23.0% · 🌾 77.0%
Militia ×23 · Spearman ×17
Feudal
14:08
Castillos
33:39
Imperial
—
| APM promedio | 40.1 |
| APM pico | 96 |
| eAPM promedio | 13.9 |
| Aldeanos / militares | 91 / 93 |
Foco
⚔️ 26.2% · 🌾 73.8%
Genitour ×75 · Cavalry Archer ×11 · Archer ×4 · Spearman ×2 · Monk ×1
Feudal
13:35
Castillos
17:30
Imperial
—
| APM promedio | 25.7 |
| APM pico | 55 |
| eAPM promedio | 13.0 |
| Aldeanos / militares | 128 / 62 |
Foco
⚔️ 20.6% · 🌾 79.4%
Mangudai ×57 · Monk ×2 · Steppe Lancer ×2 · Mangonel ×1
Mapa de la partida
Recursos iniciales + cada clic de construcción. Líneas = muros · curvas = relieve. ◆ oro · ⬟ piedra · ● bayas · ✦ reliquia · ◌ hueco del cierre
Tu base· Abierta — flanco sin cerrar
Base de rukas· Abierta — flanco sin cerrar
Base de DD2E D10 Bulldozer· Abierta — hueco de 5t
Base de Tintagel· Abierta — hueco de 5t
Base de Marley AoC· Abierta — flanco sin cerrar
Base de earlitepainters· Abierta — hueco de 6t
Base de AgeOfFentanil0· Abierta — hueco de 4t
Base de xcfotrp131· Abierta — flanco sin cerrar
Terreno inicial suavizado · ◌ = hueco del cierre detectado · pasá el cursor para detalles
Inputs por minuto
— Eldiano - - rukas
Build order — Eldiano
Primeras 150 de 430 acciones detectadas
| 0:16 | Construir | Town Center |
| 2:03 | Construir | House |
| 2:05 | Construir | House |
| 2:35 | Encolar | Villager (Male) |
| 2:36 | Investigar | Loom |
| 2:36 | Investigar | Loom |
| 2:36 | Investigar | Loom |
| 2:38 | Encolar | Villager (Male) |
| 2:38 | Encolar | Villager (Male) |
| 2:38 | Encolar | Villager (Male) |
| 2:38 | Encolar | Villager (Male) |
| 3:27 | Encolar | Villager (Male) |
| 3:28 | Encolar | Villager (Male) |
| 4:50 | Encolar | Villager (Male) |
| 5:33 | Encolar | Villager (Male) |
| 5:34 | Encolar | Villager (Male) |
| 5:53 | Construir | Lumber Camp |
| 6:24 | Encolar | Villager (Male) |
| 6:32 | Construir | House |
| 6:40 | Construir | House |
| 6:51 | Encolar | Villager (Male) |
| 6:51 | Encolar | Villager (Male) |
| 7:02 | Encolar | Villager (Male) |
| 7:43 | Encolar | Villager (Male) |
| 8:08 | Encolar | Villager (Male) |
| 8:48 | Encolar | Villager (Male) |
| 9:27 | Construir | Mill |
| 9:38 | Encolar | Villager (Male) |
| 10:00 | Encolar | Villager (Male) |
| 10:28 | Encolar | Villager (Male) |
| 10:30 | Encolar | Villager (Male) |
| 10:57 | Encolar | Villager (Male) |
| 11:14 | Encolar | Villager (Male) |
| 11:21 | Construir | House |
| 11:38 | Encolar | Villager (Male) |
| 11:38 | Investigar | Feudal Age |
| 11:48 | Construir | Mining Camp |
| 12:15 | Construir | Palisade Gate |
| 12:18 | Construir | Palisade Wall |
| 12:22 | Construir | Palisade Wall |
| 13:40 | Encolar | Villager (Male) |
| 13:40 | Encolar | Villager (Male) |
| 14:43 | Edad | Edad Feudal |
| 14:47 | Construir | Blacksmith |
| 14:52 | Construir | Market |
| 15:21 | Construir | Mining Camp |
| 15:41 | Investigar | Castle Age |
| 15:45 | Investigar | Double-Bit Axe |
| 16:36 | Construir | House |
| 16:43 | Investigar | Fletching |
| 17:46 | Construir | Mill |
| 18:08 | Encolar | Villager (Male) |
| 18:15 | Encolar | Villager (Male) |
| 18:21 | Edad | Edad de los Castillos |
| 18:21 | Investigar | Padded Archer Armor |
| 18:59 | Construir | Castle |
| 19:04 | Investigar | Bodkin Arrow |
| 19:05 | Encolar | Villager (Male) |
| 19:28 | Encolar | Villager (Male) |
| 19:50 | Construir | Town Center |
| 20:01 | Encolar | Villager (Male) |
| 20:11 | Encolar | Camel Archer |
| 20:11 | Encolar | Camel Archer |
| 20:26 | Encolar | Camel Archer |
| 20:26 | Encolar | Camel Archer |
| 20:40 | Encolar | Villager (Male) |
| 20:40 | Encolar | Villager (Male) |
| 20:40 | Encolar | Villager (Male) |
| 20:40 | Encolar | Villager (Male) |
| 20:44 | Construir | Farm |
| 20:47 | Construir | Farm |
| 21:00 | Encolar | Camel Archer |
| 21:00 | Encolar | Camel Archer |
| 21:05 | Encolar | Villager (Male) |
| 21:28 | Encolar | Camel Archer |
| 21:29 | Encolar | Camel Archer |
| 21:33 | Encolar | Villager (Male) |
| 21:49 | Encolar | Camel Archer |
| 21:49 | Encolar | Camel Archer |
| 22:25 | Encolar | Camel Archer |
| 22:25 | Encolar | Camel Archer |
| 22:26 | Encolar | Villager (Male) |
| 22:26 | Encolar | Villager (Male) |
| 22:27 | Encolar | Villager (Male) |
| 22:56 | Encolar | Villager (Male) |
| 23:18 | Encolar | Villager (Male) |
| 23:18 | Encolar | Villager (Male) |
| 23:38 | Construir | Town Center |
| 23:39 | Encolar | Villager (Male) |
| 23:43 | Encolar | Villager (Male) |
| 23:51 | Construir | Farm |
| 23:55 | Construir | Farm |
| 24:03 | Encolar | Camel Archer |
| 24:04 | Encolar | Camel Archer |
| 24:05 | Encolar | Villager (Male) |
| 24:23 | Construir | Siege Workshop |
| 24:29 | Encolar | Camel Archer |
| 24:29 | Encolar | Camel Archer |
| 24:31 | Encolar | Villager (Male) |
| 24:32 | Encolar | Villager (Male) |
| 24:59 | Encolar | Villager (Male) |
| 24:59 | Encolar | Villager (Male) |
| 25:03 | Construir | House |
| 25:04 | Construir | House |
| 25:05 | Construir | House |
| 25:09 | Investigar | Town Watch |
| 25:33 | Construir | House |
| 25:33 | Construir | House |
| 25:33 | Construir | House |
| 25:34 | Construir | House |
| 25:35 | Encolar | Villager (Male) |
| 25:35 | Encolar | Villager (Male) |
| 25:36 | Encolar | Villager (Male) |
| 25:38 | Construir | House |
| 25:39 | Construir | House |
| 25:40 | Construir | House |
| 25:41 | Construir | House |
| 25:48 | Construir | House |
| 25:48 | Construir | House |
| 25:49 | Construir | House |
| 25:54 | Encolar | Camel Archer |
| 25:54 | Encolar | Camel Archer |
| 25:54 | Encolar | Camel Archer |
| 25:55 | Encolar | Villager (Male) |
| 25:58 | Construir | Barracks |
| 26:03 | Construir | Barracks |
| 26:15 | Encolar | Mangonel |
| 26:22 | Encolar | Villager (Male) |
| 26:23 | Encolar | Villager (Male) |
| 26:27 | Construir | Farm |
| 26:30 | Encolar | Villager (Male) |
| 26:30 | Encolar | Villager (Male) |
| 26:40 | Construir | House |
| 26:40 | Construir | House |
| 26:48 | Encolar | Villager (Male) |
| 26:52 | Encolar | Mangonel |
| 26:56 | Encolar | Camel Archer |
| 27:04 | Construir | Lumber Camp |
| 27:21 | Encolar | Villager (Male) |
| 27:21 | Encolar | Villager (Male) |
| 27:36 | Construir | House |
| 27:36 | Construir | House |
| 27:41 | Encolar | Mangonel |
| 27:44 | Encolar | Villager (Male) |
| 27:49 | Construir | Mining Camp |
| 27:59 | Encolar | Villager (Male) |
| 28:01 | Encolar | Mangonel |
| 28:12 | Encolar | Camel Archer |
| 28:13 | Encolar | Camel Archer |
| 28:19 | Construir | House |
Build order — rukas
Primeras 150 de 470 acciones detectadas
| 0:13 | Construir | Town Center |
| 2:35 | Encolar | Villager (Male) |
| 2:35 | Encolar | Villager (Male) |
| 2:36 | Encolar | Villager (Male) |
| 2:36 | Encolar | Villager (Male) |
| 2:41 | Construir | House |
| 2:43 | Encolar | Villager (Male) |
| 2:43 | Encolar | Villager (Male) |
| 3:37 | Encolar | Villager (Male) |
| 3:37 | Encolar | Villager (Male) |
| 3:52 | Construir | House |
| 4:09 | Construir | House |
| 4:14 | Encolar | Villager (Male) |
| 4:14 | Encolar | Villager (Male) |
| 4:28 | Encolar | Villager (Male) |
| 4:28 | Encolar | Villager (Male) |
| 4:40 | Construir | Lumber Camp |
| 5:07 | Construir | House |
| 5:42 | Construir | House |
| 5:44 | Encolar | Villager (Male) |
| 5:44 | Encolar | Villager (Male) |
| 5:47 | Encolar | Villager (Male) |
| 5:47 | Encolar | Villager (Male) |
| 5:51 | Encolar | Villager (Male) |
| 6:20 | Encolar | Villager (Male) |
| 6:20 | Encolar | Villager (Male) |
| 6:36 | Construir | House |
| 6:57 | Encolar | Villager (Male) |
| 6:57 | Encolar | Villager (Male) |
| 7:11 | Encolar | Villager (Male) |
| 7:34 | Construir | Mill |
| 7:48 | Encolar | Villager (Male) |
| 8:06 | Construir | House |
| 8:15 | Encolar | Villager (Male) |
| 8:21 | Encolar | Villager (Male) |
| 8:31 | Encolar | Villager (Male) |
| 8:42 | Encolar | Villager (Male) |
| 9:49 | Encolar | Villager (Male) |
| 10:04 | Investigar | Loom |
| 10:05 | Encolar | Villager (Male) |
| 10:06 | Encolar | Villager (Male) |
| 10:42 | Investigar | Feudal Age |
| 10:59 | Construir | Mining Camp |
| 11:28 | Construir | Palisade Wall |
| 11:31 | Construir | Palisade Wall |
| 11:36 | Construir | House |
| 12:37 | Construir | Mill |
| 12:43 | Construir | Mill |
| 12:47 | Construir | Mill |
| 12:51 | Construir | Mill |
| 12:55 | Construir | Mill |
| 12:59 | Construir | Mill |
| 13:00 | Edad | Edad Feudal |
| 13:01 | Encolar | Villager (Male) |
| 13:04 | Construir | Market |
| 13:06 | Construir | Blacksmith |
| 13:09 | Encolar | Villager (Male) |
| 13:46 | Investigar | Castle Age |
| 13:46 | Investigar | Castle Age |
| 15:34 | Construir | Barracks |
| 15:42 | Investigar | Double-Bit Axe |
| 16:01 | Construir | Mill |
| 16:12 | Edad | Edad de los Castillos |
| 16:16 | Construir | Siege Workshop |
| 16:26 | Encolar | Villager (Male) |
| 16:28 | Construir | House |
| 16:31 | Encolar | Villager (Male) |
| 16:53 | Encolar | Scorpion |
| 16:54 | Encolar | Scorpion |
| 17:16 | Encolar | Villager (Male) |
| 17:20 | Construir | House |
| 17:44 | Encolar | Villager (Male) |
| 17:47 | Encolar | Scorpion |
| 17:51 | Encolar | Battering Ram |
| 17:58 | Construir | House |
| 18:00 | Construir | House |
| 18:03 | Construir | House |
| 18:04 | Construir | House |
| 18:15 | Encolar | Villager (Male) |
| 18:17 | Encolar | Villager (Male) |
| 18:25 | Encolar | Battering Ram |
| 18:34 | Encolar | Villager (Male) |
| 18:45 | Encolar | Villager (Male) |
| 18:49 | Investigar | Horse Collar |
| 18:52 | Construir | House |
| 19:07 | Encolar | Villager (Male) |
| 19:10 | Encolar | Villager (Male) |
| 19:26 | Encolar | Villager (Male) |
| 19:32 | Encolar | Scorpion |
| 19:48 | Construir | Town Center |
| 19:50 | Encolar | Villager (Male) |
| 19:51 | Encolar | Villager (Male) |
| 19:58 | Encolar | Villager (Male) |
| 20:08 | Encolar | Villager (Male) |
| 20:11 | Construir | Farm |
| 20:12 | Encolar | Villager (Male) |
| 20:45 | Encolar | Villager (Male) |
| 20:46 | Encolar | Villager (Male) |
| 20:55 | Construir | Town Center |
| 21:16 | Encolar | Villager (Male) |
| 21:28 | Encolar | Villager (Male) |
| 21:29 | Encolar | Villager (Male) |
| 21:54 | Construir | Farm |
| 22:04 | Construir | Farm |
| 22:04 | Construir | Farm |
| 22:04 | Construir | Farm |
| 22:05 | Construir | Farm |
| 22:05 | Construir | Farm |
| 22:05 | Construir | Farm |
| 22:10 | Construir | Farm |
| 22:22 | Encolar | Villager (Male) |
| 22:27 | Construir | Monastery |
| 22:28 | Encolar | Villager (Male) |
| 22:29 | Encolar | Villager (Male) |
| 22:44 | Construir | House |
| 22:49 | Construir | Farm |
| 22:52 | Construir | Farm |
| 23:07 | Encolar | Villager (Male) |
| 23:12 | Encolar | Scorpion |
| 23:13 | Encolar | Villager (Male) |
| 23:18 | Encolar | Villager (Male) |
| 23:19 | Construir | House |
| 23:20 | Construir | House |
| 23:20 | Construir | House |
| 23:20 | Construir | House |
| 23:20 | Construir | House |
| 23:21 | Construir | House |
| 23:22 | Encolar | Villager (Male) |
| 23:23 | Encolar | Villager (Male) |
| 23:35 | Encolar | Villager (Male) |
| 23:41 | Encolar | Villager (Male) |
| 23:41 | Encolar | Villager (Male) |
| 23:52 | Construir | Farm |
| 23:52 | Construir | Farm |
| 23:55 | Encolar | Villager (Male) |
| 23:55 | Encolar | Villager (Male) |
| 24:19 | Construir | Town Center |
| 24:23 | Encolar | Villager (Male) |
| 24:24 | Encolar | Villager (Male) |
| 24:29 | Encolar | Villager (Male) |
| 24:29 | Encolar | Villager (Male) |
| 24:38 | Encolar | Villager (Male) |
| 24:47 | Encolar | Villager (Male) |
| 24:47 | Encolar | Villager (Male) |
| 25:02 | Construir | Palisade Gate |
| 25:04 | Construir | Palisade Wall |
| 25:13 | Encolar | Villager (Male) |
| 25:13 | Encolar | Villager (Male) |
| 25:17 | Construir | Mill |
| 25:18 | Construir | Farm |
Build order — DD2E D10 Bulldozer
Primeras 150 de 343 acciones detectadas
| 0:06 | Construir | Town Center |
| 0:21 | Construir | House |
| 2:19 | Encolar | Villager (Male) |
| 2:19 | Encolar | Villager (Male) |
| 2:19 | Encolar | Villager (Male) |
| 2:19 | Encolar | Villager (Male) |
| 2:20 | Encolar | Villager (Male) |
| 2:45 | Investigar | Loom |
| 2:46 | Encolar | Villager (Male) |
| 2:47 | Encolar | Villager (Male) |
| 2:47 | Encolar | Villager (Male) |
| 2:47 | Encolar | Villager (Male) |
| 4:31 | Encolar | Villager (Male) |
| 4:31 | Encolar | Villager (Male) |
| 4:31 | Encolar | Villager (Male) |
| 4:31 | Encolar | Villager (Male) |
| 4:35 | Construir | Lumber Camp |
| 4:39 | Construir | House |
| 5:23 | Encolar | Villager (Male) |
| 5:24 | Encolar | Villager (Male) |
| 5:26 | Construir | House |
| 5:45 | Encolar | Villager (Male) |
| 5:45 | Encolar | Villager (Male) |
| 5:57 | Construir | House |
| 6:32 | Encolar | Villager (Male) |
| 6:32 | Encolar | Villager (Male) |
| 7:10 | Encolar | Villager (Male) |
| 7:10 | Encolar | Villager (Male) |
| 7:10 | Encolar | Villager (Male) |
| 7:48 | Encolar | Villager (Male) |
| 8:10 | Construir | Mill |
| 8:38 | Construir | Palisade Wall |
| 8:44 | Encolar | Villager (Male) |
| 8:47 | Encolar | Villager (Male) |
| 8:48 | Encolar | Villager (Male) |
| 9:27 | Construir | House |
| 10:07 | Investigar | Feudal Age |
| 11:17 | Construir | Barracks |
| 11:44 | Construir | House |
| 12:17 | Edad | Edad Feudal |
| 12:19 | Construir | Stable |
| 12:21 | Encolar | Villager (Male) |
| 12:21 | Encolar | Villager (Male) |
| 12:22 | Encolar | Villager (Male) |
| 12:26 | Investigar | Double-Bit Axe |
| 13:00 | Construir | House |
| 13:05 | Encolar | Scout Cavalry |
| 13:05 | Encolar | Scout Cavalry |
| 13:06 | Encolar | Scout Cavalry |
| 13:11 | Encolar | Villager (Male) |
| 13:34 | Construir | Stable |
| 13:38 | Encolar | Scout Cavalry |
| 13:40 | Encolar | Villager (Male) |
| 13:40 | Encolar | Villager (Male) |
| 13:55 | Construir | Palisade Wall |
| 14:00 | Construir | Palisade Gate |
| 14:10 | Encolar | Villager (Male) |
| 14:18 | Encolar | Scout Cavalry |
| 14:19 | Encolar | Scout Cavalry |
| 14:19 | Encolar | Scout Cavalry |
| 14:21 | Construir | Blacksmith |
| 14:44 | Construir | Mill |
| 15:07 | Encolar | Scout Cavalry |
| 15:07 | Encolar | Scout Cavalry |
| 15:07 | Encolar | Scout Cavalry |
| 15:07 | Encolar | Scout Cavalry |
| 15:15 | Construir | House |
| 15:17 | Construir | House |
| 15:46 | Investigar | Scale Barding Armor |
| 17:05 | Encolar | Scout Cavalry |
| 17:06 | Encolar | Scout Cavalry |
| 17:06 | Encolar | Scout Cavalry |
| 17:06 | Encolar | Villager (Male) |
| 17:06 | Encolar | Villager (Male) |
| 17:07 | Encolar | Villager (Male) |
| 17:07 | Encolar | Villager (Male) |
| 17:14 | Construir | Mill |
| 18:19 | Construir | House |
| 18:20 | Encolar | Villager (Male) |
| 18:21 | Encolar | Villager (Male) |
| 18:23 | Construir | Farm |
| 18:24 | Construir | Farm |
| 18:24 | Construir | Farm |
| 18:24 | Construir | Farm |
| 18:24 | Construir | Farm |
| 18:24 | Construir | Farm |
| 18:28 | Construir | Farm |
| 18:30 | Investigar | Horse Collar |
| 18:31 | Encolar | Villager (Male) |
| 18:31 | Encolar | Villager (Male) |
| 18:50 | Construir | House |
| 18:54 | Encolar | Villager (Male) |
| 18:54 | Encolar | Villager (Male) |
| 18:57 | Construir | Mining Camp |
| 20:31 | Encolar | Villager (Male) |
| 20:32 | Encolar | Villager (Male) |
| 20:32 | Encolar | Villager (Male) |
| 21:49 | Investigar | Castle Age |
| 21:55 | Construir | Mill |
| 23:35 | Investigar | Bloodlines |
| 24:29 | Edad | Edad de los Castillos |
| 24:32 | Encolar | Knight |
| 24:32 | Encolar | Knight |
| 24:36 | Investigar | Husbandry |
| 24:40 | Investigar | Gold Mining |
| 24:43 | Construir | Town Center |
| 24:50 | Construir | Town Center |
| 25:21 | Investigar | Wheelbarrow |
| 25:28 | Construir | Market |
| 26:22 | Encolar | Knight |
| 26:22 | Encolar | Knight |
| 26:22 | Encolar | Knight |
| 26:22 | Encolar | Knight |
| 26:22 | Encolar | Knight |
| 26:51 | Encolar | Knight |
| 26:51 | Encolar | Knight |
| 26:51 | Encolar | Knight |
| 26:51 | Encolar | Knight |
| 26:51 | Encolar | Knight |
| 26:51 | Encolar | Knight |
| 26:54 | Construir | House |
| 26:55 | Construir | House |
| 26:55 | Construir | House |
| 26:56 | Construir | House |
| 27:01 | Encolar | Villager (Male) |
| 27:02 | Encolar | Villager (Male) |
| 27:02 | Encolar | Villager (Male) |
| 27:04 | Encolar | Villager (Male) |
| 27:05 | Encolar | Villager (Male) |
| 27:05 | Encolar | Villager (Male) |
| 27:07 | Encolar | Villager (Male) |
| 27:08 | Encolar | Villager (Male) |
| 27:08 | Encolar | Villager (Male) |
| 27:08 | Encolar | Villager (Male) |
| 27:17 | Construir | Stable |
| 27:18 | Construir | Stable |
| 27:42 | Construir | Farm |
| 27:44 | Investigar | Heavy Plow |
| 27:46 | Encolar | Villager (Male) |
| 27:47 | Encolar | Villager (Male) |
| 27:51 | Encolar | Villager (Male) |
| 27:51 | Encolar | Villager (Male) |
| 27:56 | Encolar | Knight |
| 27:56 | Encolar | Knight |
| 27:56 | Encolar | Knight |
| 28:05 | Encolar | Villager (Male) |
| 28:05 | Encolar | Villager (Male) |
| 28:14 | Construir | Farm |
| 28:19 | Encolar | Villager (Male) |
| 28:28 | Construir | Farm |
Build order — Tintagel
Primeras 150 de 335 acciones detectadas
| 0:31 | Construir | Town Center |
| 2:17 | Construir | House |
| 2:39 | Encolar | Villager (Male) |
| 2:39 | Encolar | Villager (Male) |
| 2:39 | Encolar | Villager (Male) |
| 2:39 | Encolar | Villager (Male) |
| 2:40 | Encolar | Villager (Male) |
| 2:40 | Encolar | Villager (Male) |
| 2:54 | Investigar | Loom |
| 2:54 | Encolar | Villager (Male) ×3 |
| 2:54 | Encolar | Villager (Male) ×3 |
| 2:58 | Construir | House |
| 3:51 | Encolar | Villager (Male) |
| 3:51 | Encolar | Villager (Male) |
| 3:52 | Encolar | Villager (Male) |
| 4:53 | Encolar | Villager (Male) |
| 4:54 | Encolar | Villager (Male) |
| 4:54 | Encolar | Villager (Male) |
| 5:18 | Encolar | Villager (Male) |
| 5:18 | Encolar | Villager (Male) |
| 5:18 | Encolar | Villager (Male) |
| 5:45 | Construir | Lumber Camp |
| 5:49 | Encolar | Villager (Male) |
| 5:49 | Encolar | Villager (Male) |
| 5:49 | Encolar | Villager (Male) |
| 5:50 | Encolar | Villager (Male) |
| 6:26 | Encolar | Villager (Male) |
| 6:26 | Encolar | Villager (Male) |
| 6:26 | Encolar | Villager (Male) |
| 6:27 | Encolar | Villager (Male) |
| 6:58 | Construir | House |
| 6:58 | Construir | House |
| 7:14 | Encolar | Villager (Male) |
| 7:14 | Encolar | Villager (Male) |
| 7:14 | Encolar | Villager (Male) |
| 7:14 | Encolar | Villager (Male) |
| 7:49 | Encolar | Villager (Male) |
| 7:49 | Encolar | Villager (Male) |
| 9:12 | Encolar | Villager (Male) |
| 9:12 | Encolar | Villager (Male) |
| 9:30 | Construir | Barracks |
| 10:08 | Encolar | Villager (Male) |
| 10:10 | Encolar | Villager (Male) |
| 10:18 | Construir | House |
| 10:21 | Construir | House |
| 10:23 | Construir | House |
| 10:46 | Construir | Mill |
| 11:04 | Investigar | Feudal Age |
| 11:19 | Construir | Palisade Wall |
| 11:22 | Construir | Palisade Wall |
| 11:59 | Construir | House |
| 12:08 | Encolar | Villager (Male) |
| 12:08 | Encolar | Villager (Male) |
| 12:09 | Encolar | Villager (Male) |
| 12:31 | Construir | House |
| 12:44 | Construir | Mining Camp |
| 12:58 | Construir | Palisade Wall |
| 12:59 | Construir | Palisade Wall |
| 13:00 | Construir | Palisade Wall |
| 13:00 | Construir | Palisade Wall |
| 13:14 | Edad | Edad Feudal |
| 13:19 | Construir | Palisade Wall |
| 13:20 | Construir | Palisade Wall |
| 13:20 | Construir | Palisade Wall |
| 13:21 | Construir | Palisade Wall |
| 13:31 | Encolar | Villager (Male) |
| 13:33 | Investigar | Double-Bit Axe |
| 13:34 | Investigar | Horse Collar |
| 13:35 | Encolar | Villager (Male) |
| 14:02 | Construir | Archery Range |
| 14:33 | Encolar | Villager (Male) |
| 14:49 | Construir | Archery Range |
| 15:00 | Encolar | Villager (Male) |
| 15:13 | Encolar | Archer |
| 15:14 | Encolar | Archer |
| 15:40 | Encolar | Villager (Male) |
| 15:52 | Construir | Blacksmith |
| 16:12 | Construir | Palisade Gate |
| 16:27 | Encolar | Archer ×5 |
| 16:27 | Encolar | Archer ×5 |
| 16:36 | Construir | House |
| 16:41 | Encolar | Villager (Male) |
| 16:41 | Encolar | Villager (Male) |
| 16:41 | Encolar | Villager (Male) |
| 17:18 | Construir | House |
| 17:22 | Construir | House |
| 17:24 | Construir | House |
| 17:25 | Construir | House |
| 17:28 | Construir | Palisade Wall |
| 17:59 | Encolar | Archer ×4 |
| 17:59 | Encolar | Archer ×4 |
| 18:58 | Construir | House |
| 18:59 | Construir | House |
| 19:05 | Investigar | Fletching |
| 19:06 | Investigar | Fletching |
| 19:21 | Encolar | Villager (Male) |
| 19:21 | Encolar | Villager (Male) |
| 19:25 | Encolar | Villager (Male) |
| 19:25 | Encolar | Villager (Male) |
| 19:26 | Encolar | Villager (Male) |
| 19:26 | Encolar | Villager (Male) |
| 19:34 | Encolar | Villager (Male) |
| 19:35 | Encolar | Villager (Male) |
| 19:35 | Encolar | Villager (Male) |
| 19:43 | Construir | Farm |
| 19:45 | Construir | Farm |
| 20:14 | Construir | Farm |
| 20:14 | Construir | Farm |
| 20:14 | Construir | Farm |
| 20:15 | Construir | Farm |
| 20:15 | Construir | Farm |
| 20:15 | Construir | Farm |
| 20:15 | Construir | Farm |
| 20:45 | Encolar | Villager (Male) |
| 20:49 | Construir | Farm |
| 20:50 | Construir | Farm |
| 20:53 | Encolar | Villager (Male) |
| 20:58 | Construir | Farm |
| 21:00 | Encolar | Archer ×3 |
| 21:00 | Encolar | Archer ×3 |
| 21:08 | Encolar | Spearman |
| 21:08 | Encolar | Spearman |
| 21:08 | Encolar | Spearman |
| 21:20 | Encolar | Villager (Male) |
| 23:01 | Construir | Lumber Camp |
| 24:12 | Construir | Mill |
| 24:16 | Construir | Mill |
| 24:44 | Construir | Watch Tower |
| 24:46 | Construir | Watch Tower |
| 24:50 | Construir | Watch Tower |
| 24:50 | Construir | Watch Tower |
| 25:07 | Construir | Watch Tower |
| 25:35 | Construir | Watch Tower |
| 25:50 | Construir | Town Center |
| 26:27 | Construir | Farm |
| 26:29 | Construir | Farm |
| 26:32 | Construir | Farm |
| 26:35 | Construir | Farm |
| 26:43 | Encolar | Villager (Male) |
| 26:43 | Encolar | Villager (Male) |
| 26:43 | Encolar | Villager (Male) |
| 27:25 | Construir | Farm |
| 27:35 | Construir | Mining Camp |
| 27:59 | Construir | Archery Range |
| 28:02 | Construir | Archery Range |
| 28:28 | Investigar | Wheelbarrow |
| 28:48 | Investigar | Castle Age |
| 28:49 | Investigar | Castle Age |
| 28:59 | Construir | Mining Camp |
| 29:29 | Investigar | Gold Mining |
Build order — Marley AoC
Primeras 150 de 389 acciones detectadas
| 0:12 | Construir | House |
| 0:43 | Construir | Town Center |
| 1:34 | Construir | Lumber Camp |
| 1:41 | Construir | Lumber Camp |
| 3:02 | Encolar | Villager (Male) |
| 3:02 | Encolar | Villager (Male) |
| 3:02 | Encolar | Villager (Male) |
| 3:03 | Encolar | Villager (Male) |
| 3:03 | Encolar | Villager (Male) |
| 3:05 | Investigar | Loom |
| 3:40 | Encolar | Villager (Male) |
| 3:41 | Encolar | Villager (Male) |
| 4:11 | Encolar | Villager (Male) |
| 4:47 | Encolar | Villager (Male) |
| 4:47 | Encolar | Villager (Male) |
| 4:47 | Encolar | Villager (Male) |
| 5:18 | Encolar | Villager (Male) |
| 5:31 | Construir | House |
| 5:33 | Encolar | Villager (Male) |
| 5:33 | Encolar | Villager (Male) |
| 6:01 | Encolar | Villager (Male) |
| 6:01 | Encolar | Villager (Male) |
| 6:21 | Encolar | Villager (Male) |
| 6:53 | Encolar | Villager (Male) |
| 6:53 | Encolar | Villager (Male) |
| 7:20 | Encolar | Villager (Male) |
| 7:31 | Construir | Lumber Camp |
| 7:38 | Encolar | Villager (Male) |
| 8:03 | Construir | Outpost |
| 8:11 | Construir | House |
| 8:15 | Encolar | Villager (Male) |
| 8:30 | Construir | House |
| 9:04 | Encolar | Villager (Male) |
| 9:39 | Encolar | Villager (Male) |
| 9:39 | Encolar | Villager (Male) |
| 10:13 | Construir | Mill |
| 10:21 | Encolar | Villager (Male) |
| 10:28 | Construir | Outpost |
| 10:51 | Encolar | Villager (Male) |
| 11:13 | Encolar | Villager (Male) |
| 11:34 | Encolar | Villager (Male) |
| 11:52 | Construir | House |
| 12:02 | Encolar | Villager (Male) |
| 12:17 | Encolar | Villager (Male) |
| 12:18 | Encolar | Villager (Male) |
| 12:42 | Investigar | Feudal Age |
| 13:03 | Construir | Mining Camp |
| 13:13 | Construir | Barracks |
| 13:14 | Construir | Palisade Wall |
| 13:15 | Construir | Palisade Wall |
| 14:09 | Construir | Mill |
| 14:35 | Encolar | Villager (Male) |
| 14:35 | Encolar | Villager (Male) |
| 14:52 | Edad | Edad Feudal |
| 15:11 | Construir | Blacksmith |
| 15:32 | Encolar | Villager (Male) |
| 16:02 | Construir | Watch Tower |
| 16:13 | Encolar | Villager (Male) |
| 16:23 | Construir | Market |
| 16:39 | Encolar | Villager (Male) |
| 16:44 | Construir | Palisade Wall |
| 16:46 | Construir | Palisade Wall |
| 16:47 | Construir | Palisade Wall |
| 17:14 | Encolar | Villager (Male) |
| 17:39 | Construir | Stable |
| 17:51 | Investigar | Castle Age |
| 17:51 | Investigar | Castle Age |
| 18:14 | Construir | House |
| 18:16 | Construir | Palisade Wall |
| 18:22 | Encolar | Villager (Male) |
| 18:46 | Construir | House |
| 18:53 | Construir | Palisade Wall |
| 19:02 | Investigar | Double-Bit Axe |
| 19:21 | Construir | Farm |
| 19:23 | Construir | Farm |
| 19:24 | Construir | Farm |
| 19:35 | Encolar | Scout Cavalry |
| 19:35 | Encolar | Scout Cavalry |
| 19:35 | Encolar | Scout Cavalry |
| 19:35 | Encolar | Scout Cavalry |
| 19:55 | Encolar | Villager (Male) |
| 20:04 | Construir | Palisade Gate |
| 20:17 | Encolar | Villager (Male) |
| 20:22 | Encolar | Scout Cavalry |
| 20:22 | Encolar | Scout Cavalry |
| 20:23 | Encolar | Scout Cavalry |
| 20:31 | Edad | Edad de los Castillos |
| 20:33 | Construir | Farm |
| 20:55 | Construir | Castle |
| 21:01 | Construir | House |
| 21:04 | Construir | Palisade Wall |
| 21:21 | Investigar | Light Cavalry (upgrade) |
| 21:39 | Construir | Outpost |
| 22:01 | Construir | House |
| 22:24 | Construir | Siege Workshop |
| 22:47 | Investigar | Fletching |
| 23:02 | Construir | Mining Camp |
| 23:16 | Encolar | Villager (Male) |
| 23:16 | Encolar | Villager (Male) |
| 23:33 | Encolar | Villager (Male) |
| 23:44 | Construir | Farm |
| 23:57 | Encolar | Mangonel |
| 24:06 | Encolar | Scout Cavalry |
| 24:06 | Encolar | Scout Cavalry |
| 24:13 | Construir | Farm |
| 24:39 | Encolar | Villager (Male) |
| 24:40 | Encolar | Villager (Male) |
| 25:12 | Encolar | Scout Cavalry |
| 25:12 | Encolar | Scout Cavalry |
| 25:19 | Encolar | Villager (Male) |
| 25:34 | Encolar | Battering Ram |
| 25:41 | Encolar | Villager (Male) |
| 25:44 | Encolar | Villager (Male) |
| 26:04 | Construir | Town Center |
| 26:14 | Construir | Farm |
| 26:16 | Encolar | Villager (Male) |
| 26:32 | Encolar | Villager (Male) |
| 26:52 | Construir | Mill |
| 27:08 | Encolar | Villager (Male) |
| 27:10 | Construir | Farm |
| 27:12 | Construir | Farm |
| 27:18 | Construir | Farm |
| 27:20 | Construir | Farm |
| 27:21 | Encolar | Villager (Male) |
| 27:39 | Construir | Farm |
| 27:42 | Encolar | Villager (Male) |
| 27:42 | Encolar | Villager (Male) |
| 27:59 | Encolar | Villager (Male) |
| 27:59 | Encolar | Villager (Male) |
| 28:20 | Construir | Town Center |
| 28:25 | Encolar | Villager (Male) |
| 28:29 | Encolar | Villager (Male) |
| 28:30 | Encolar | Villager (Male) |
| 28:43 | Construir | Farm |
| 28:43 | Construir | Farm |
| 28:43 | Construir | Farm |
| 28:44 | Construir | Farm |
| 28:52 | Construir | Farm |
| 29:10 | Encolar | Villager (Male) |
| 29:10 | Encolar | Villager (Male) |
| 29:11 | Encolar | Villager (Male) |
| 29:16 | Investigar | Horse Collar |
| 29:16 | Investigar | Horse Collar |
| 29:19 | Investigar | Town Watch |
| 29:21 | Encolar | Villager (Male) |
| 29:22 | Encolar | Villager (Male) |
| 29:24 | Encolar | Trade Cart |
| 29:33 | Construir | Farm |
| 29:35 | Encolar | Villager (Male) |
| 29:38 | Encolar | Villager (Male) |
Build order — earlitepainters
Primeras 150 de 221 acciones detectadas
| 0:49 | Construir | Town Center |
| 3:09 | Construir | House |
| 3:10 | Encolar | Villager (Male) |
| 3:10 | Encolar | Villager (Male) |
| 3:10 | Encolar | Villager (Male) |
| 3:28 | Encolar | Villager (Male) |
| 3:29 | Encolar | Villager (Male) |
| 3:33 | Construir | House |
| 4:22 | Construir | Mill |
| 4:33 | Encolar | Villager (Male) |
| 5:12 | Encolar | Villager (Male) |
| 5:18 | Construir | Mill |
| 5:30 | Encolar | Villager (Male) |
| 5:52 | Encolar | Villager (Male) |
| 6:33 | Encolar | Villager (Male) |
| 6:34 | Encolar | Villager (Male) |
| 7:06 | Encolar | Villager (Male) |
| 7:20 | Encolar | Villager (Male) |
| 7:37 | Encolar | Villager (Male) |
| 7:52 | Construir | House |
| 8:05 | Encolar | Villager (Male) |
| 8:43 | Encolar | Villager (Male) |
| 9:08 | Encolar | Villager (Male) |
| 9:24 | Construir | House |
| 9:49 | Encolar | Villager (Male) |
| 10:06 | Construir | Lumber Camp |
| 10:09 | Encolar | Villager (Male) |
| 10:19 | Investigar | Loom |
| 10:44 | Investigar | Loom |
| 10:49 | Investigar | Feudal Age |
| 11:57 | Construir | Mining Camp |
| 12:50 | Construir | Barracks |
| 12:53 | Encolar | Villager (Male) |
| 12:56 | Encolar | Villager (Male) |
| 13:21 | Edad | Edad Feudal |
| 13:21 | Encolar | Militia |
| 13:27 | Encolar | Militia |
| 13:28 | Investigar | Man-at-Arms (upgrade) |
| 13:36 | Construir | Outpost |
| 13:53 | Construir | Watch Tower |
| 13:56 | Construir | House |
| 13:57 | Construir | House |
| 13:59 | Investigar | Double-Bit Axe |
| 14:00 | Encolar | Villager (Male) |
| 14:07 | Encolar | Militia |
| 14:22 | Construir | Mining Camp |
| 14:53 | Encolar | Militia |
| 15:15 | Encolar | Militia |
| 15:26 | Encolar | Villager (Male) |
| 15:30 | Encolar | Villager (Male) |
| 15:30 | Encolar | Militia |
| 15:54 | Encolar | Militia |
| 15:56 | Encolar | Villager (Male) |
| 16:14 | Encolar | Militia |
| 16:16 | Encolar | Villager (Male) |
| 16:37 | Encolar | Militia |
| 16:45 | Encolar | Militia |
| 17:08 | Construir | Watch Tower |
| 17:26 | Encolar | Villager (Male) |
| 17:44 | Encolar | Villager (Male) |
| 17:47 | Construir | Mill |
| 18:12 | Construir | Farm |
| 18:12 | Construir | Farm |
| 18:12 | Construir | Farm |
| 18:12 | Construir | Farm |
| 18:13 | Construir | Farm |
| 18:13 | Construir | Farm |
| 18:49 | Construir | Market |
| 18:52 | Construir | Blacksmith |
| 19:08 | Encolar | Militia |
| 19:10 | Encolar | Militia |
| 19:14 | Encolar | Villager (Male) |
| 19:39 | Construir | House |
| 19:42 | Construir | House |
| 19:45 | Construir | Palisade Wall |
| 19:49 | Construir | House |
| 19:52 | Construir | House |
| 19:54 | Construir | House |
| 20:02 | Construir | House |
| 20:06 | Construir | House |
| 20:09 | Construir | Palisade Wall |
| 20:11 | Encolar | Villager (Male) |
| 20:15 | Encolar | Militia |
| 20:24 | Encolar | Villager (Male) |
| 20:41 | Encolar | Villager (Male) |
| 21:20 | Construir | Stone Wall |
| 21:48 | Encolar | Militia |
| 21:49 | Encolar | Militia |
| 21:49 | Encolar | Militia |
| 22:19 | Encolar | Militia |
| 22:25 | Encolar | Villager (Male) |
| 22:47 | Construir | House |
| 22:52 | Encolar | Militia |
| 22:53 | Encolar | Militia |
| 23:06 | Encolar | Villager (Male) |
| 23:20 | Construir | Mining Camp |
| 23:21 | Encolar | Villager (Male) |
| 23:36 | Encolar | Villager (Male) |
| 24:09 | Construir | Stone Wall |
| 24:12 | Construir | Stone Wall |
| 24:17 | Encolar | Militia |
| 24:19 | Encolar | Villager (Male) |
| 24:21 | Encolar | Militia |
| 24:28 | Construir | Farm |
| 24:31 | Construir | Farm |
| 24:53 | Construir | Farm |
| 24:55 | Encolar | Villager (Male) |
| 24:56 | Encolar | Villager (Male) |
| 25:26 | Construir | Farm |
| 25:38 | Encolar | Villager (Male) |
| 25:56 | Construir | Farm |
| 25:58 | Encolar | Villager (Male) |
| 26:48 | Encolar | Villager (Male) |
| 26:49 | Encolar | Villager (Male) |
| 26:53 | Construir | Farm |
| 26:54 | Construir | Farm |
| 27:01 | Encolar | Villager (Male) |
| 27:38 | Encolar | Militia |
| 27:38 | Encolar | Militia |
| 27:40 | Encolar | Villager (Male) |
| 28:19 | Encolar | Villager (Male) |
| 28:39 | Encolar | Villager (Male) |
| 29:40 | Investigar | Castle Age |
| 30:01 | Construir | House |
| 30:03 | Construir | House |
| 30:16 | Construir | Mill |
| 30:23 | Encolar | Villager (Male) |
| 31:34 | Construir | House |
| 31:38 | Construir | House |
| 31:41 | Construir | House |
| 32:20 | Edad | Edad de los Castillos |
| 32:24 | Encolar | Villager (Male) |
| 32:25 | Encolar | Villager (Male) |
| 32:44 | Investigar | Bow Saw |
| 33:12 | Encolar | Villager (Male) |
| 33:54 | Encolar | Villager (Male) |
| 34:41 | Encolar | Villager (Male) |
| 34:46 | Encolar | Villager (Male) |
| 35:05 | Construir | Town Center |
| 35:16 | Encolar | Villager (Male) |
| 35:17 | Encolar | Villager (Male) |
| 35:28 | Investigar | Horse Collar |
| 35:58 | Encolar | Villager (Male) |
| 35:58 | Encolar | Villager (Male) |
| 35:58 | Encolar | Villager (Male) |
| 35:58 | Encolar | Villager (Male) |
| 35:59 | Encolar | Villager (Male) |
| 36:00 | Encolar | Villager (Male) |
| 36:12 | Investigar | Pikeman (upgrade) |
| 36:19 | Investigar | Scale Mail Armor |
Build order — AgeOfFentanil0
Primeras 150 de 210 acciones detectadas
| 0:16 | Construir | Town Center |
| 1:32 | Construir | Palisade Wall |
| 1:39 | Construir | Palisade Wall |
| 1:41 | Construir | Palisade Wall |
| 1:43 | Construir | Palisade Wall |
| 2:50 | Encolar | Villager (Male) ×4 |
| 2:51 | Encolar | Villager (Male) ×4 |
| 3:13 | Investigar | Loom |
| 4:36 | Encolar | Villager (Male) |
| 4:36 | Encolar | Villager (Male) |
| 5:01 | Encolar | Villager (Male) |
| 5:02 | Encolar | Villager (Male) |
| 6:07 | Encolar | Villager (Male) |
| 6:08 | Encolar | Villager (Male) |
| 6:08 | Encolar | Villager (Male) |
| 6:09 | Encolar | Villager (Male) |
| 6:09 | Encolar | Villager (Male) |
| 6:47 | Encolar | Villager (Male) |
| 6:48 | Encolar | Villager (Male) |
| 6:48 | Encolar | Villager (Male) |
| 7:17 | Encolar | Villager (Male) |
| 7:18 | Encolar | Villager (Male) |
| 7:52 | Encolar | Villager (Male) |
| 7:52 | Encolar | Villager (Male) |
| 7:52 | Encolar | Villager (Male) |
| 8:18 | Encolar | Villager (Male) |
| 8:18 | Encolar | Villager (Male) |
| 8:18 | Encolar | Villager (Male) |
| 8:37 | Construir | Mill |
| 9:18 | Encolar | Villager (Male) |
| 9:33 | Construir | Mill |
| 10:08 | Encolar | Villager (Male) |
| 10:52 | Encolar | Villager (Male) |
| 10:52 | Encolar | Villager (Male) |
| 11:11 | Construir | Mining Camp |
| 11:48 | Investigar | Feudal Age |
| 12:48 | Construir | Barracks |
| 14:08 | Edad | Edad Feudal |
| 14:12 | Encolar | Villager (Male) |
| 14:12 | Encolar | Villager (Male) |
| 14:16 | Investigar | Loom |
| 14:18 | Encolar | Spearman |
| 14:19 | Encolar | Spearman |
| 14:38 | Encolar | Villager (Male) |
| 14:51 | Encolar | Villager (Male) |
| 15:26 | Construir | Watch Tower |
| 15:32 | Construir | Archery Range |
| 15:42 | Encolar | Villager (Male) |
| 15:42 | Encolar | Villager (Male) |
| 15:42 | Encolar | Villager (Male) |
| 16:07 | Encolar | Archer |
| 16:07 | Encolar | Archer |
| 16:07 | Encolar | Archer |
| 16:17 | Construir | Palisade Wall |
| 16:40 | Encolar | Archer |
| 16:56 | Encolar | Villager (Male) |
| 17:27 | Construir | Palisade Gate |
| 17:54 | Encolar | Villager (Male) |
| 17:54 | Encolar | Villager (Male) |
| 17:56 | Encolar | Villager (Male) |
| 17:56 | Encolar | Villager (Male) |
| 17:57 | Encolar | Villager (Male) |
| 18:14 | Construir | Palisade Wall |
| 18:17 | Construir | Palisade Wall |
| 18:18 | Construir | Palisade Wall |
| 19:04 | Construir | Palisade Wall |
| 19:12 | Encolar | Villager (Male) |
| 19:50 | Construir | Stable |
| 21:03 | Investigar | Wheelbarrow |
| 21:59 | Construir | Lumber Camp |
| 24:37 | Construir | Market |
| 25:06 | Construir | Town Center |
| 25:15 | Construir | Town Center |
| 26:41 | Construir | Farm |
| 26:42 | Construir | Farm |
| 26:42 | Construir | Farm |
| 26:49 | Encolar | Villager (Male) |
| 26:49 | Encolar | Villager (Male) |
| 26:49 | Encolar | Villager (Male) |
| 26:50 | Encolar | Villager (Male) |
| 26:50 | Encolar | Villager (Male) |
| 26:50 | Encolar | Villager (Male) |
| 26:51 | Encolar | Villager (Male) |
| 26:51 | Encolar | Villager (Male) |
| 26:51 | Encolar | Villager (Male) |
| 26:51 | Encolar | Villager (Male) |
| 26:52 | Encolar | Villager (Male) |
| 28:43 | Construir | Farm |
| 28:45 | Construir | Farm |
| 29:12 | Construir | Farm |
| 29:16 | Investigar | Double-Bit Axe |
| 29:54 | Construir | Farm |
| 29:55 | Construir | Farm |
| 29:57 | Construir | Mill |
| 29:58 | Construir | Farm |
| 29:58 | Construir | Farm |
| 29:59 | Construir | Farm |
| 29:59 | Construir | Farm |
| 29:59 | Construir | Farm |
| 30:49 | Investigar | Castle Age |
| 30:54 | Construir | Mining Camp |
| 32:24 | Construir | Farm |
| 32:29 | Construir | Archery Range |
| 32:35 | Construir | Archery Range |
| 32:41 | Investigar | Horse Collar |
| 33:24 | Construir | Archery Range |
| 33:30 | Investigar | Gold Mining |
| 33:39 | Edad | Edad de los Castillos |
| 33:40 | Encolar | Villager (Male) |
| 33:41 | Encolar | Villager (Male) |
| 33:43 | Investigar | Bow Saw |
| 34:11 | Construir | Blacksmith |
| 34:16 | Encolar | Cavalry Archer ×5 |
| 34:16 | Encolar | Cavalry Archer ×5 |
| 34:17 | Encolar | Cavalry Archer |
| 34:32 | Encolar | Genitour ×4 |
| 34:32 | Encolar | Genitour ×4 |
| 34:42 | Encolar | Villager (Male) |
| 34:42 | Encolar | Villager (Male) |
| 34:52 | Investigar | Fletching |
| 34:53 | Investigar | Padded Archer Armor |
| 35:00 | Encolar | Genitour |
| 35:00 | Encolar | Genitour |
| 35:14 | Construir | Town Center |
| 35:18 | Investigar | Town Watch |
| 35:35 | Encolar | Genitour |
| 35:35 | Encolar | Genitour |
| 35:36 | Encolar | Genitour |
| 36:06 | Encolar | Genitour ×3 |
| 36:06 | Encolar | Genitour ×3 |
| 36:10 | Construir | Farm |
| 36:10 | Construir | Farm |
| 36:11 | Construir | Farm |
| 36:11 | Construir | Farm |
| 36:11 | Construir | Farm |
| 36:11 | Construir | Farm |
| 36:12 | Construir | Farm |
| 36:18 | Encolar | Villager (Male) |
| 36:18 | Encolar | Villager (Male) |
| 36:51 | Construir | Stable |
| 36:52 | Encolar | Villager (Male) |
| 36:53 | Encolar | Villager (Male) |
| 37:19 | Encolar | Villager (Male) |
| 37:36 | Encolar | Genitour ×5 |
| 37:37 | Encolar | Genitour ×5 |
| 37:37 | Encolar | Genitour ×3 |
| 37:37 | Encolar | Genitour ×3 |
| 37:46 | Encolar | Villager (Male) |
| 37:46 | Encolar | Villager (Male) |
| 37:47 | Encolar | Villager (Male) |
Build order — xcfotrp131
Primeras 150 de 271 acciones detectadas
| 0:14 | Construir | Town Center |
| 1:48 | Construir | House |
| 1:50 | Construir | House |
| 2:37 | Investigar | Loom |
| 2:37 | Encolar | Villager (Male) |
| 2:38 | Encolar | Villager (Male) |
| 2:38 | Encolar | Villager (Male) |
| 2:38 | Encolar | Villager (Male) |
| 2:38 | Encolar | Villager (Male) |
| 2:38 | Encolar | Villager (Male) |
| 3:27 | Construir | House |
| 3:31 | Construir | House |
| 3:49 | Construir | House |
| 3:57 | Encolar | Villager (Male) |
| 3:57 | Encolar | Villager (Male) |
| 4:53 | Construir | Lumber Camp |
| 5:10 | Encolar | Villager (Male) |
| 5:10 | Encolar | Villager (Male) |
| 5:10 | Encolar | Villager (Male) |
| 5:13 | Encolar | Villager (Male) |
| 5:13 | Encolar | Villager (Male) |
| 5:14 | Encolar | Villager (Male) |
| 5:14 | Encolar | Villager (Male) |
| 5:14 | Encolar | Villager (Male) |
| 6:18 | Encolar | Villager (Male) |
| 6:19 | Encolar | Villager (Male) |
| 6:19 | Encolar | Villager (Male) |
| 6:33 | Construir | House |
| 6:34 | Construir | House |
| 6:49 | Encolar | Villager (Male) |
| 6:49 | Encolar | Villager (Male) |
| 7:04 | Encolar | Villager (Male) |
| 7:04 | Encolar | Villager (Male) |
| 7:27 | Encolar | Villager (Male) |
| 7:28 | Encolar | Villager (Male) |
| 8:12 | Encolar | Villager (Male) |
| 8:19 | Encolar | Villager (Male) |
| 10:09 | Construir | Barracks |
| 10:24 | Encolar | Villager (Male) |
| 10:40 | Construir | Mill |
| 10:48 | Encolar | Villager (Male) |
| 11:07 | Construir | Mining Camp |
| 11:12 | Investigar | Feudal Age |
| 12:29 | Construir | House |
| 13:09 | Encolar | Villager (Male) |
| 13:10 | Encolar | Villager (Male) |
| 13:35 | Edad | Edad Feudal |
| 13:38 | Construir | Blacksmith |
| 13:44 | Construir | Stable |
| 13:52 | Investigar | Double-Bit Axe |
| 14:17 | Construir | Mining Camp |
| 14:24 | Encolar | Villager (Male) |
| 14:50 | Investigar | Castle Age |
| 14:51 | Investigar | Castle Age |
| 15:12 | Construir | House |
| 15:13 | Construir | House |
| 15:31 | Investigar | Horse Collar |
| 16:07 | Investigar | Stone Mining |
| 16:11 | Investigar | Gold Mining |
| 16:39 | Encolar | Villager (Male) |
| 16:40 | Encolar | Villager (Male) |
| 17:30 | Edad | Edad de los Castillos |
| 17:33 | Encolar | Villager (Male) |
| 17:57 | Construir | Town Center |
| 18:16 | Investigar | Bloodlines |
| 18:28 | Encolar | Steppe Lancer |
| 18:37 | Encolar | Steppe Lancer |
| 18:42 | Encolar | Villager (Male) |
| 19:11 | Encolar | Villager (Male) |
| 19:39 | Encolar | Villager (Male) |
| 19:55 | Construir | Castle |
| 20:10 | Encolar | Villager (Male) |
| 20:10 | Encolar | Villager (Male) |
| 20:40 | Encolar | Villager (Male) |
| 20:46 | Encolar | Villager (Male) |
| 21:31 | Construir | Town Center |
| 21:40 | Encolar | Villager (Male) |
| 21:41 | Encolar | Villager (Male) |
| 21:44 | Construir | Farm |
| 21:45 | Construir | Farm |
| 21:46 | Construir | Farm |
| 21:50 | Construir | Farm |
| 21:53 | Construir | Farm |
| 22:44 | Construir | Lumber Camp |
| 23:11 | Encolar | Villager (Male) |
| 23:12 | Encolar | Villager (Male) |
| 23:12 | Encolar | Villager (Male) |
| 23:12 | Encolar | Villager (Male) |
| 23:21 | Encolar | Villager (Male) |
| 23:21 | Encolar | Villager (Male) |
| 23:28 | Encolar | Mangudai |
| 23:28 | Encolar | Mangudai |
| 23:34 | Encolar | Villager (Male) |
| 23:40 | Encolar | Villager (Male) |
| 23:46 | Construir | Farm |
| 23:49 | Construir | Farm |
| 23:51 | Construir | Farm |
| 24:03 | Encolar | Villager (Male) |
| 24:10 | Encolar | Villager (Male) |
| 24:16 | Construir | Farm |
| 24:27 | Encolar | Villager (Male) |
| 24:33 | Encolar | Villager (Male) |
| 24:39 | Construir | House |
| 24:40 | Construir | House |
| 24:42 | Construir | House |
| 24:53 | Construir | House |
| 25:16 | Construir | Farm |
| 25:18 | Construir | Farm |
| 25:20 | Construir | Farm |
| 25:21 | Encolar | Villager (Male) |
| 25:28 | Encolar | Villager (Male) |
| 25:37 | Encolar | Villager (Male) |
| 25:41 | Encolar | Villager (Male) |
| 26:00 | Encolar | Mangudai |
| 26:00 | Encolar | Mangudai |
| 26:01 | Encolar | Mangudai |
| 26:01 | Encolar | Mangudai |
| 26:10 | Investigar | Fletching |
| 26:13 | Encolar | Villager (Male) |
| 26:23 | Construir | Farm |
| 26:26 | Encolar | Villager (Male) |
| 26:34 | Encolar | Villager (Male) |
| 26:36 | Encolar | Villager (Male) |
| 26:52 | Encolar | Villager (Male) |
| 26:52 | Encolar | Villager (Male) |
| 26:57 | Encolar | Villager (Male) |
| 26:57 | Encolar | Villager (Male) |
| 27:20 | Encolar | Villager (Male) |
| 27:26 | Construir | Farm |
| 27:27 | Construir | Farm |
| 27:44 | Encolar | Mangudai |
| 27:44 | Encolar | Mangudai |
| 27:45 | Encolar | Mangudai |
| 27:45 | Encolar | Mangudai |
| 27:45 | Encolar | Mangudai |
| 27:45 | Encolar | Mangudai |
| 27:53 | Encolar | Villager (Male) |
| 27:55 | Encolar | Villager (Male) |
| 27:56 | Encolar | Villager (Male) |
| 27:56 | Encolar | Villager (Male) |
| 28:09 | Construir | Siege Workshop |
| 28:21 | Encolar | Villager (Male) |
| 28:21 | Encolar | Villager (Male) |
| 28:22 | Encolar | Villager (Male) |
| 28:34 | Encolar | Villager (Male) |
| 28:46 | Construir | Mining Camp |
| 28:54 | Construir | Mining Camp |
| 28:56 | Encolar | Villager (Male) |
| 29:11 | Encolar | Villager (Male) |
| 29:14 | Encolar | Villager (Male) |
Cronología de la partida
| 1:32 | AgeOfFentanil0 · wall_segment Palisade Wall x1 |
| 1:39 | AgeOfFentanil0 · wall_segment Palisade Wall x1 |
| 1:41 | AgeOfFentanil0 · wall_segment Palisade Wall x1 |
| 1:43 | AgeOfFentanil0 · wall_segment Palisade Wall x1 |
| 8:38 | DD2E D10 Bulldozer · wall_segment Palisade Wall x1 |
| 9:30 | Tintagel · first_building Barracks |
| 10:09 | xcfotrp131 · first_building Barracks |
| 11:17 | DD2E D10 Bulldozer · first_building Barracks |
| 11:19 | Tintagel · wall_segment Palisade Wall x5 |
| 11:22 | Tintagel · wall_segment Palisade Wall x6 |
| 11:28 | rukas · wall_segment Palisade Wall x1 |
| 11:31 | rukas · wall_segment Palisade Wall x3 |
| 12:17 | DD2E D10 Bulldozer · age_up feudal |
| 12:18 | Eldiano · wall_segment Palisade Wall x4 |
| 12:19 | DD2E D10 Bulldozer · first_building Stable |
| 12:22 | Eldiano · wall_segment Palisade Wall x4 |
| 12:48 | AgeOfFentanil0 · first_building Barracks |
| 12:50 | earlitepainters · first_building Barracks |
| 12:58 | Tintagel · wall_segment Palisade Wall x1 |
| 12:59 | Tintagel · wall_segment Palisade Wall x1 |
| 13:00 | Tintagel · wall_segment Palisade Wall x1 |
| 13:00 | rukas · age_up feudal |
| 13:00 | Tintagel · wall_segment Palisade Wall x1 |
| 13:13 | Marley AoC · first_building Barracks |
| 13:14 | Marley AoC · wall_segment Palisade Wall x1 |
| 13:14 | Tintagel · age_up feudal |
| 13:15 | Marley AoC · wall_segment Palisade Wall x1 |
| 13:19 | Tintagel · wall_segment Palisade Wall x1 |
| 13:20 | Tintagel · wall_segment Palisade Wall x1 |
| 13:20 | Tintagel · wall_segment Palisade Wall x1 |
| 13:21 | Tintagel · wall_segment Palisade Wall x1 |
| 13:21 | earlitepainters · age_up feudal |
| 13:35 | xcfotrp131 · age_up feudal |
| 13:44 | xcfotrp131 · first_building Stable |
| 13:55 | DD2E D10 Bulldozer · wall_segment Palisade Wall x7 |
| 14:02 | Tintagel · first_building Archery Range |
| 14:08 | AgeOfFentanil0 · age_up feudal |
| 14:43 | Eldiano · age_up feudal |
| 14:52 | Marley AoC · age_up feudal |
| 15:32 | AgeOfFentanil0 · first_building Archery Range |
| 15:34 | rukas · first_building Barracks |
| 16:12 | rukas · age_up castle |
| 16:16 | rukas · first_building Siege Workshop |
| 16:17 | AgeOfFentanil0 · wall_segment Palisade Wall x1 |
| 16:44 | Marley AoC · wall_segment Palisade Wall x1 |
| 16:46 | Marley AoC · wall_segment Palisade Wall x1 |
| 16:47 | Marley AoC · wall_segment Palisade Wall x1 |
| 17:23 | Marley AoC · first_market_sell 100 stone |
| 17:28 | Tintagel · wall_segment Palisade Wall x1 |
| 17:30 | xcfotrp131 · age_up castle |
| 17:39 | Marley AoC · first_building Stable |
| 18:14 | AgeOfFentanil0 · wall_segment Palisade Wall x1 |
| 18:16 | Marley AoC · wall_segment Palisade Wall x1 |
| 18:17 | AgeOfFentanil0 · wall_segment Palisade Wall x1 |
| 18:18 | AgeOfFentanil0 · wall_segment Palisade Wall x1 |
| 18:21 | Eldiano · age_up castle |
| 18:32 | Eldiano · first_market_sell 100 wood |
| 18:53 | Marley AoC · wall_segment Palisade Wall x7 |
| 18:59 | Eldiano · first_building Castle |
| 19:04 | AgeOfFentanil0 · wall_segment Palisade Wall x1 |
| 19:39 | Eldiano · first_market_buy 100 stone |
| 19:45 | earlitepainters · wall_segment Palisade Wall x1 |
| 19:50 | AgeOfFentanil0 · first_building Stable |
| 19:55 | xcfotrp131 · first_building Castle |
| 20:09 | earlitepainters · wall_segment Palisade Wall x1 |
| 20:31 | Marley AoC · age_up castle |
| 20:45 | Marley AoC · first_market_buy 100 stone |
| 20:55 | Marley AoC · first_building Castle |
| 21:04 | Marley AoC · wall_segment Palisade Wall x1 |
| 21:20 | earlitepainters · wall_segment Stone Wall x2 |
| 22:24 | Marley AoC · first_building Siege Workshop |
| 22:27 | rukas · first_building Monastery |
| 23:47 | earlitepainters · first_market_buy 100 food |
| 24:09 | earlitepainters · wall_segment Stone Wall x1 |
| 24:12 | earlitepainters · wall_segment Stone Wall x1 |
| 24:16 | rukas · first_market_sell 100 food |
| 24:17 | rukas · first_market_buy 100 stone |
| 24:23 | Eldiano · first_building Siege Workshop |
| 24:29 | DD2E D10 Bulldozer · age_up castle |
| 24:55 | Eldiano · tribute_sent a jugador 1 |
| 24:55 | Eldiano · tribute_sent a jugador 2 |
| 24:55 | Eldiano · tribute_sent a jugador 3 |
| 24:55 | Eldiano · tribute_sent a jugador 4 |
| 24:55 | Eldiano · tribute_sent a jugador 5 |
| 24:55 | Eldiano · tribute_sent a jugador 6 |
| 24:55 | Eldiano · tribute_sent a jugador 7 |
| 25:02 | AgeOfFentanil0 · first_market_buy 100 wood |
| 25:04 | rukas · wall_segment Palisade Wall x1 |
| 25:58 | Eldiano · first_building Barracks |
| 26:41 | rukas · first_building Stable |
| 26:48 | DD2E D10 Bulldozer · first_market_sell 100 food |
| 27:21 | earlitepainters · first_market_sell 100 wood |
| 28:09 | xcfotrp131 · first_building Siege Workshop |
| 28:27 | Eldiano · first_building Stable |
| 31:26 | rukas · wall_segment Stone Wall x1 |
| 31:28 | Tintagel · age_up castle |
| 31:53 | Tintagel · first_building Castle |
| 32:20 | earlitepainters · age_up castle |
| 33:28 | xcfotrp131 · first_building Archery Range |
| 33:30 | Tintagel · wall_segment Palisade Wall x13 |
| 33:39 | AgeOfFentanil0 · age_up castle |
| 34:07 | DD2E D10 Bulldozer · first_market_buy 100 wood |
| 35:45 | xcfotrp131 · first_building Monastery |
| 36:38 | DD2E D10 Bulldozer · first_building Castle |
| 39:00 | AgeOfFentanil0 · first_building Monastery |
| 39:58 | Marley AoC · age_up imperial |
| 41:03 | DD2E D10 Bulldozer · age_up imperial |
| 41:12 | earlitepainters · first_building Castle |
| 41:54 | Eldiano · first_building Monastery |
| 42:25 | rukas · tribute_sent a jugador 2 |
| 42:25 | rukas · tribute_sent a jugador 3 |
| 42:25 | rukas · tribute_sent a jugador 4 |
| 42:25 | rukas · tribute_sent a jugador 5 |
| 42:25 | rukas · tribute_sent a jugador 6 |
| 42:25 | rukas · tribute_sent a jugador 7 |
| 42:25 | rukas · tribute_sent a jugador 8 |
| 42:31 | rukas · tribute_sent a jugador 2 |
| 42:31 | rukas · tribute_sent a jugador 3 |
| 42:31 | rukas · tribute_sent a jugador 4 |
| 42:31 | rukas · tribute_sent a jugador 5 |
| 42:31 | rukas · tribute_sent a jugador 6 |
| 42:31 | rukas · tribute_sent a jugador 7 |
| 42:31 | rukas · tribute_sent a jugador 8 |
| 42:31 | Tintagel · first_building Siege Workshop |
| 42:38 | rukas · age_up imperial |
| 43:19 | Marley AoC · first_building Archery Range |
| 43:32 | rukas · tribute_sent a jugador 2 |
| 43:32 | rukas · tribute_sent a jugador 3 |
| 43:32 | rukas · tribute_sent a jugador 4 |
| 43:32 | rukas · tribute_sent a jugador 5 |
| 43:32 | rukas · tribute_sent a jugador 6 |
| 43:32 | rukas · tribute_sent a jugador 7 |
| 43:32 | rukas · tribute_sent a jugador 8 |
| 44:11 | Tintagel · resign |
[ ANÁLISIS IA · 1 CRÉDITO ]
¿Qué pasó realmente en esta partida?
Wolo.gg analiza cada decisión: build order, eco, micro, errores típicos por bracket. Análisis personalizado por WhatsApp o Discord en 30 segundos.
Guía civ
Bereberes
Perfil
Jugador #6715815